Unix NetHack Version 5.0.0-0 post-release - last build May 23 2026 06:08:33 (1c0ff79ee797540d5714e4e18072db0edd9e58ae,branch:main).

Game began 2026-05-27 22:34:34, ended 2026-05-28 04:57:07.

CyberFan, lawful female dwarven Archeologist

                            ------------------------
                            |.)^.....(.............|
                            |.%-------------------.|
                          ----)|    -----        |.|
                          |..|.--  --...|        |.|
                          |.....|--|....|        |.|
                          |.....|..|....|        |.|
                          --....|..)...--        |.|
                           |....)*.|..*|   ------|.|
                           |..*.|..|...| --|....$|.|
                           |....---|.*)| |.-...h$|%|
                           |....*..|..-- |-|..`..|.|
                           ----.0..|.--  |?-..T.f..|
                              ---.--.|   |-|....t|--
                               |.....|   |....(00|
                               |>.|..|   --|$.0)*|
                               -------     -------

CyberFan the Exhumer       St:11 Dx:11 Co:14 In:16 Wi:16 Ch:10  Lawful
Dlvl:6  $:5618 HP:0(97) Pw:28(28) AC:-2 Xp:10/8297 T:10518 

Latest messages:
 The hill orc swings his curved sword.
 The hill orc misses!
 You kill the hill orc!
 Click!  You trigger a rolling boulder trap!
 No boulder was released.
 You see here a magic whistle.
 You swap places with your large cat.
 The large cat picks up a magic whistle.
 You sense something below your feet.
 The large cat drops a magic whistle.
 You swap places with the peaceful gnomish wizard.
 The air crackles around the gnomish wizard.
 What do you want to use or apply? [d-iloruzGJQRY or ?*]
 You produce a strange whistling sound.
 Your large cat shifts location.
 The gnomish wizard casts a spell!
 The gnomish wizard is suddenly moving faster.
 You swap places with your large cat.
 You swap places with your large cat.
 You swap places with your large cat.
 You hit the giant beetle!
 You kill the giant beetle!
 Something is engraved here on the floor.
 You read: "Elbere n".
 Something is engraved here on the floor.
 You read: "Elbere n".
 The rock troll's flail shatters from the force of your blow!
 The rock troll turns to flee.
 The rock troll misses!
 The rock troll hits!
 The rock troll misses!
 What do you want to use or apply? [d-iloruzGJQRY or ?*]
 You produce a strange whistling sound.
 Your large cat shifts location.
 Something is engraved here on the floor.
 You read: "Elbere n".
 You see here a statue of a jaguar.
 A lurker above attacks you by surprise!
 The rock troll hits!
 The rock troll hits!
 The rock troll misses!
 The rock troll hits!
 The rock troll hits!
 The rock troll bites!
 What do you want to write with? [- dfgiosuxzGMOQRUXY or ?*]
 You write in the dust with your fingertip.
 The rock troll misses!
 The rock troll hits!
 The rock troll bites!
 You die...

Inventory:
 Coins    ('$')
  $ - 5618 gold pieces
 Weapons  (')')
  o - a blessed +2 dwarvish mattock (weapon in hands)
 Armor    ('[')
  q - an uncursed +2 dwarvish iron helm (being worn)
  Z - an uncursed +0 pair of iron shoes (being worn)
  k - an uncursed rotted +0 dwarvish cloak (being worn)
  v - an uncursed +0 dwarvish mithril-coat (being worn)
 Comestibles  ('%')
  V - an uncursed banana
  B - an uncursed cram ration
  W - an uncursed food ration
  j - an uncursed tin of pureed sergeant meat
  t - an uncursed lizard corpse
 Scrolls  ('?')
  b - an uncursed scroll of charging
  I - an uncursed scroll of identify
 Potions  ('!')
  D - an uncursed potion of water
 Rings    ('=')
  s - an uncursed ring of fire resistance (on right hand)
  M - an uncursed +2 ring of increase accuracy
  O - a cursed -1 ring of increase accuracy
  U - an uncursed ring of invisibility (on left hand)
  X - an uncursed ring of slow digestion
 Wands    ('/')
  R - a cursed wand of create monster (0:14)
  G - a cursed wand of digging (0:1)
  z - an uncursed wand of light (0:10)
  Y - an uncursed wand of magic missile (0:0)
  Q - an uncursed wand of make invisible (0:5)
  u - an uncursed wand of secret door detection (0:12)
  d - an uncursed wand of speed monster (0:5)
  f - an uncursed wand of speed monster (0:5)
  i - an uncursed wand of striking (0:0)
 Tools    ('(')
  h - an empty uncursed sack
  e - an uncursed magic whistle
  l - an uncursed skeleton key
  r - an uncursed +0 unicorn horn
  J - an uncursed +0 unicorn horn
 Gems/Stones  ('*')
  x - an uncursed aquamarine stone
  g - an uncursed touchstone

CyberFan the Archeologist's attributes:

Background:
 You were an Exhumer, a level 10 female dwarven Archeologist.
 You were lawful, on a mission for Quetzalcoatl
 who was opposed by Camaxtli (neutral) and Huhetotl (chaotic).
 You were right-handed.
 You were in Sokoban, on level 6.
 You entered the dungeon 10518 turns ago.
 It was nighttime.
 You had 8297 experience points, 1703 more were needed to attain level 11.

Basics:
 You had 0 out of 97 hit points.
 You had all 28 energy points (spell power).
 Your armor class was -2.
 Your wallet contained 5618 zorkmids.
 Autopickup was on for '$%?!"=/*' plus thrown, with exceptions.

Final Characteristics:
 Your strength was 11 (peak:12, limit:18/100).
 Your dexterity was 11 (limit:20).
 Your constitution was 14 (peak:15, limit:20).
 Your intelligence was 16 (limit:16).
 Your wisdom was 16 (limit:16).
 Your charisma was 10 (limit:16).

Final Status:
 You weren't hungry.
 You were unencumbered.
 You were wielding a mattock.
 You had expert skill with pick-axe.

Final Attributes:
 You were piously aligned.
 You were fire resistant.
 Your items were protected from fire.
 Your items were somewhat protected from cold.
 You had automatic searching.
 You had infravision.
 You were invisible.
 You were stealthy.
 You were guarded.
 You were fast.
 You are dead (2nd time!).

Miscellaneous:
 You disabled loading and storing of bones levels.
 Total elapsed playing time was 1 hour, 36 minutes and 2 seconds.

Major events:
 Turn
    1: CyberFan the lawful female dwarven Archeologist entered the dungeon
  285: entered the Gnomish Mines
  867: attained the rank of Field Worker (level 3)
 2149: reached Mine Town
 5022: read a Discworld novel
 5821: attained the rank of Investigator (level 6)
 7645: entered Sokoban
 8064: completed 1st Sokoban level
 8346: attained the rank of Exhumer (level 10)
 8386: completed 2nd Sokoban level
 8889: completed 3rd Sokoban level
 9691: completed 4th Sokoban level
10145: averted death (killed by a scroll of earth)
10518: killed by a rock troll

You didn't know any spells.

Skills:
 Fighting Skills
   bare handed combat [Unskilled]
   two weapon combat  [Unskilled]
   riding             [Unskilled]
 Weapon Skills
   dagger             [Unskilled]
   knife              [Unskilled]
   pick-axe           [Expert]
   short sword        [Unskilled]
   saber              [Unskilled]
   club               [Unskilled]
   quarterstaff       [Unskilled]
   sling              [Unskilled]
   dart               [Unskilled]
   boomerang          [Unskilled]
   whip               [Basic]
   unicorn horn       [Unskilled]
 Spellcasting Skills
   attack spells      [Unskilled]
   healing spells     [Unskilled]
   divination spells  [Unskilled]
   matter spells      [Unskilled]

Voluntary challenges:
 Character rerolling was not enabled.
 You never genocided any monsters.
 You never polymorphed an object.
 You never changed form.
 You used no wishes.
 You violated the special Sokoban rules once.
Achievements:
 You entered the Gnomish Mines.
 You entered a shop.
 You attained the rank of Field Worker.
 You entered Minetown.
 You entered a temple.
 You read from a Discworld novel.
 You attained the rank of Investigator.
 You entered Sokoban.
 You attained the rank of Exhumer.

 The Dungeons of Doom: levels 1 to 10
    Level 1:
       A sink, a grave.
    Level 2:
       Some fountains, a grave.
       Stairs down to The Gnomish Mines.
    Level 3:
       A tool shop, a fountain.
    Level 4:
       A scroll shop, some fountains.
    Level 5:
       An altar, some fountains.
    Level 6:
       A bookstore, an altar, some fountains.
    Level 7:
       A fountain.
    Level 8:
       A fountain.
    Level 9:
       Many fountains.
    Level 10:
       Some fountains.
       Stairs up to Sokoban, level 9.
 The Gnomish Mines: levels 3 to 5
    Level 3:
    Level 4:
    Level 5:
       Many shops, a temple and an altar, some fountains, some trees.
 Sokoban: levels 9 up to 6
    Level 6: <- You were here.
       Solved.
       Final resting place for
          you, killed by a rock troll.
    Level 7:
       Solved.
    Level 8:
       Solved.
    Level 9:
       Solved.


Vanquished creatures:
  a clay golem
  2 giant mimics
  a rock troll
  a water elemental
  3 sergeants
  a warg
  a xan
  2 ettin mummies
 an ogre leader
  a quantum mechanic
  2 gelatinous cubes
  a flaming sphere
  a large cat
  5 tigers
  2 leocrottas
  a mountain centaur
  2 wraiths
  a Grey-elf
  a giant beetle
  2 quivering blobs
  2 cockatrices
  2 wolves
  a winter wolf cub
  a lynx
  2 leprechauns
  a mumak
  2 giant spiders
  a horse
  2 vampire bats
  2 brown puddings
  2 gold golems
  2 lizards
  2 chickatrices
  a housecat
  a jaguar
  a dwarf leader
  a white unicorn
  a black unicorn
  a dust vortex
  2 snakes
 an ape
  2 soldier ants
  a bugbear
 an imp
  a wood nymph
  a rock piercer
  2 rock moles
  a pony
  5 yellow lights
  5 shriekers
  4 gnome leaders
  a kobold mummy
  3 elf zombies
  a straw golem
  a paper golem
 12 giant ants
  a floating eye
  2 kittens
  2 dwarves
  3 homunculi
 10 hill orcs
  4 rothes
  a giant bat
 an orc zombie
  6 dwarf zombies
  a wererat
  6 iguanas
  9 killer bees
  3 acid blobs
  4 coyotes
  a gas spore
  2 hobbits
 10 manes
  a large kobold
  a hobgoblin
  3 giant rats
  a cave spider
  2 yellow molds
  a green mold
 20 gnomes
  2 gnome zombies
  7 geckos
  7 jackals
  2 kobolds
  3 goblins
  2 sewer rats
  4 grid bugs
  7 bats
  2 lichens
  7 newts
242 creatures vanquished.

No species were genocided or became extinct.

Game over:
                       ----------
                      /          \
                     /    REST    \
                    /      IN      \
                   /     PEACE      \
                  /                  \
                  |     CyberFan     |
                  |     5618 Au      |
                  | killed by a rock |
                  |      troll       |
                  |                  |
                  |                  |
                  |       2026       |
                 *|     *  *  *      | *
        _________)/\\_//(\/(/\)/\//\/|_)_______

Goodbye CyberFan the Archeologist...

You died in Sokoban on dungeon level 6 with 24067 points,
and 5618 pieces of gold, after 10518 moves.
You were level 10 with a maximum of 97 hit points when you died.

